 Dungeon Crawl Stone Soup version 0.31-a0-564-g3b7de120b3 (webtiles) character file.

Game seed: 10742355072170742945

7217 Rohain the Grappler (level 10, -3/80 HPs)
             Began as a Demonspawn Shapeshifter on Aug 17, 2023.
             Slain by an orc knight
             ... wielding a +3 battleaxe of flaming
              (7 damage)
             ... on level 10 of the Dungeon on Aug 18, 2023.
             The game lasted 00:12:25 (8209 turns).

Rohain the Grappler (Demonspawn Shapeshifter)       Turns: 8209, Time: 00:12:26

Health: -3/80      AC:  9    Str: 26    XL:     10   Next: 87%
Magic:  10/10      EV: 15    Int:  9    God:
Gold:   635        SH:  0    Dex: 14    Spells: 9/9 levels left

rFire   . . .        m - +9 whip of Burning Courage {heavy, rElec rF+ Str+6}
rCold   + . .        (no shield)
rNeg    . . .        z - +2 steam dragon scales
rPois   +            (helmet currently unavailable)
rElec   +            (cloak currently unavailable)
rCorr   .            (gloves currently unavailable)
SInv    +            (boots currently unavailable)
Will    .....        i - amulet "Jeciti Ydiu" {Harm +Blink rF- Regen+ SInv}
Stlth   +            k - ring of protection from cold
HPRegen 1.13/turn    q - ring of poison resistance
MPRegen 0.12/turn

%: harm (+30% outgoing, +20% incoming)
@: beast-form
A: beast (slay +4), molten scales 1, demonic touch 1
a: Begin Untransformation, Evoke Blink


You were on level 10 of the Dungeon.
You were a hulking beast.
You visited 1 branch of the dungeon, and saw 10 of its levels.

You collected 635 gold pieces.

Inventory:

Hand Weapons
 m - the +9 whip of Burning Courage (weapon) {heavy, rElec rF+ Str+6}
   (You found it on level 4 of the Dungeon)

   Str+6:     It affects your strength (+6).
   rF+:       It protects you from fire.
   rElec:     It insulates you from electricity.
Armour
 a - a +1 animal skin
 s - a +2 helmet
 z - +2 steam dragon scales (worn)
 B - a +2 hat
Jewellery
 i - the amulet "Jeciti Ydiu" (around neck) {Harm +Blink rF- Regen+ SInv}
   (You found it on level 3 of the Dungeon)

   [amulet of regeneration]

   rF-:       It makes you vulnerable to fire.
   SInv:      It lets you see invisible.
   +Blink:    It lets you blink.
   Regen+:    It increases your rate of health regeneration.
   Harm:      It increases damage dealt and taken.
 k - a ring of protection from cold (left hand)
 q - a ring of poison resistance (right hand)
 t - an amulet of magic regeneration
 y - a ring of fire
Talismans
 c - a beast talisman (active)
 d - a flux talisman
Wands
 r - a wand of paralysis (13)
 A - a wand of flame (12)
Scrolls
 f - a scroll of revelation
 g - 2 scrolls of blinking
 h - 12 scrolls of identify
 j - 3 scrolls of vulnerability
 n - 3 scrolls of teleportation
 p - 3 scrolls of amnesia
 v - 2 scrolls of enchant weapon
 x - 2 scrolls of fog
Potions
 b - 2 potions of lignification
 e - 2 potions of degeneration {unknown}
 l - 3 potions of curing
 o - 3 potions of heal wounds
 u - a potion of haste
 w - a potion of enlightenment


   Skills:
 + Level 7.9 Fighting
 + Level 4.5 Maces & Flails
 + Level 7.4 Dodging
 + Level 8.5 Unarmed Combat
 - Level 6.3 Shapeshifting


You had 9 spell levels left.
You didn't know any spells.
Your spell library contained the following spells:

 Spells                   Type           Power      Damage    Failure   Level
 Cigotuvi's Dreadful Rot  Necr/Pois/Air  0%         N/A       52%         2
 Ensorcelled Hibernation  Hex/Ice        0%         N/A       52%         2
 Passwall                 Tmut/Erth      0%         N/A       52%         2
 Swiftness                Air            0%         N/A       77%         3
 Dispel Undead            Necr           0%         3d6       99%         4
 Olgreb's Toxic Radiance  Pois           0%         N/A       99%         4
 Death Channel            Necr           0%         N/A       100%        6
 Discord                  Hex            0%         N/A       100%        8
 Ignition                 Fire           0%         3d3       100%        8


Dungeon Overview and Level Annotations

Branches:
Dungeon (10/15)            Temple (0/1) D:7            Lair (0/5) D:9
    Orc: D:9-12

Altars:
Qazlal
Uskayaw
Xom
Yredelemnul

Shops:
D:5 (

Portals:
Abyss: D:9

Annotations:
D:4 3 runed translucent doors, zazu2006's ghost, amateur NaHW
D:8 1 runed translucent door, Fodor's ghost, novice MiFi
D:9 2 transporters, redkitty's ghost, novice DrCj


Innate Abilities, Weirdness & Mutations

You are a hulking beast.
Your limbs bulge with bestial killing power. (Slay +4)
You are partially covered in molten scales. (AC +2)
Your touch may inflict minor irresistible damage on your foes.


Message History

Aim: an orc knight, wielding a +3 battleaxe of flaming and wearing a +0 plate armour (chance to affect: 31%)
The orc knight easily resists.
Aiming: Paralyse
Press: ? - help, Shift-Dir - straight line, f/p - orc knight
Aim: an orc knight, wielding a +3 battleaxe of flaming and wearing a +0 plate armour (chance to affect: 31%)
The orc knight suddenly stops moving!
The helpless orc knight fails to defend itself.
You hit the orc knight.
You touch the orc knight!
The orc knight is lightly wounded.
The orc knight is no longer paralysed.
The orc knight hits you with a +3 battleaxe of flaming!!
The orc knight burns you. The orc knight misses you.
You closely miss the orc knight.
You touch the orc knight!
You punch the orc knight.
The orc knight is heavily wounded.
The orc knight hits you with a +3 battleaxe of flaming!!
The orc knight burns you.
You hit the orc knight. Your touch misses the orc knight.
The orc knight is heavily wounded.
The orc knight hits you with a +3 battleaxe of flaming!
* * * LOW HITPOINT WARNING * * *
The orc knight burns you.
* * * LOW HITPOINT WARNING * * *
Unknown command.
The orc knight attacks as you move away!
The orc knight completely misses you.
The orc knight attacks as you move away!
The orc knight closely misses you.
The orc no longer looks unusually strong.
The orc knight attacks as you move away!
The orc knight hits you with a +3 battleaxe of flaming!
* * * LOW HITPOINT WARNING * * *
The orc knight burns you.
* * * LOW HITPOINT WARNING * * *
Aiming: Paralyse
Press: ? - help, Shift-Dir - straight line, f/p - orc knight
Aim: an orc knight, wielding a +3 battleaxe of flaming and wearing a +0 plate armour (heavily wounded, chance to affect: 31%)
The orc knight easily resists.
The orc knight hits you with a +3 battleaxe of flaming.
You die...

#...........###..########
.................#
.................#
.................#
......###........#
......###........#
.................########
..†.....................#
..††............h.......#
...#####........o.#####.#
#..# ###..#####.o.# #..#
#.......##...#####.#
#..##..####.............#
......# ####...........#
.....# #8###..........#
.###. #_≈≈##.........# #
#..≈≈##.######.#


You could see an orc knight and an orc.

Vanquished Creatures
  Pikel (D:4)
  Maggie (D:7)
  Jeremiah (D:9)
  A kobold demonologist (D:9)
  A komodo dragon (D:9)
  A troll (D:10)
  2 hornets
  A wyvern (D:7)
  2 wraiths (D:10)
  9 yaks
  2 steam dragons
  3 orc warriors
  A black bear (D:6)
  An ice beast (D:8)
  2 centaurs
  A lemure (D:4)
  2 phantoms (D:6)
  2 kobold brigands
  A gnoll sergeant (D:10)
  Blork the orc (D:4)
  3 bullfrogs (D:7)
  3 scorpions
  3 killer bees
  9 howler monkeys
  A jelly (D:6)
  4 crimson imps (D:7)
  2 orc priests
  A gnoll bouda (D:5)
  7 hounds
  A sleepcap (D:4)
  2 iguanas
  8 orc wizards
  Robin (D:3)
  16 gnolls
  10 adders
  A shadow imp (D:6)
  2 white imps
  A worm (D:2)
  2 dart slugs (D:1)
  38 orcs
  7 ball pythons
  5 bats
  7 endoplasms
  5 giant cockroaches
  21 goblins
  11 hobgoblins
  10 jackals
  4 quokkas
  9 frilled lizards
  16 kobolds
  7 rats
253 creatures vanquished.

Notes
Turn   | Place    | Note
-------+----------+-------------------------------------------
     0 | D:1      | Rohain the Demonspawn Shapeshifter began the quest for the
                  | Orb.
     0 | D:1      | Reached XP level 1. HP: 15/15 MP: 1/1
   125 | D:1      | Gained mutation: Your touch may inflict minor irresistible
                  | damage on your foes. [demonic ancestry]
   125 | D:1      | Reached XP level 2. HP: 17/21 MP: 2/2
   203 | D:1      | Reached skill level 3 in Unarmed Combat
   225 | D:1      | You fall into a shaft and drop 1 floor!
   374 | D:2      | Reached XP level 3. HP: 11/26 MP: 3/3
   882 | D:1      | Found a faded altar of an unknown god.
   938 | D:1      | Reached XP level 4. HP: 31/33 MP: 4/4
  1943 | D:3      | Noticed Robin
  2122 | D:3      | Gained mutation: You are partially covered in molten
                  | scales. (AC +2) [demonic ancestry]
  2122 | D:3      | Reached XP level 5. HP: 37/38 MP: 5/5
  2222 | D:3      | Identified the amulet "Jeciti Ydiu" {Harm +Blink rF- Regen+
                  | SInv}
  2312 | D:3      | Found a basalt altar of Yredelemnul.
  2393 | D:3      | Killed Robin
  2716 | D:3      | Reached skill level 4 in Unarmed Combat
  3160 | D:4      | Identified the +9 whip of Burning Courage {heavy, rElec rF+
                  | Str+6}
  3471 | D:4      | Noticed Blork the orc
  3475 | D:4      | Killed Blork the orc
  3568 | D:4      | Reached XP level 6. HP: 34/46 MP: 6/6
  3670 | D:4      | Noticed an orc warrior
  3671 | D:4      | Noticed zazu2006's ghost (amateur NaHW)
  3672 | D:4      | Found a runed translucent gate.
  3672 | D:4      | Identified the +3 mace of the Moon {protect, rC+}
  3693 | D:4      | Found a runed translucent gate.
  3700 | D:4      | Found a runed translucent gate.
  3706 | D:4      | Identified the +5 dagger "Xuxo" {freeze, Fly rPois}
  4004 | D:5      | Entered Level 5 of the Dungeon
  4004 | D:5      | Found Bogiok's Antique Weapon Boutique.
  4015 | D:5      | Noticed Pikel
  4046 | D:4      | Killed Pikel
  4047 | D:4      | Reached skill level 5 in Unarmed Combat
  4047 | D:4      | Reached XP level 7. HP: 41/53 MP: 7/7
  4490 | D:5      | Reached XP level 8. HP: 44/60 MP: 8/8
  4690 | D:5      | Reached skill level 6 in Unarmed Combat
  5276 | D:6      | Reached skill level 5 in Shapeshifting
  5756 | D:7      | Reached skill level 5 in Fighting
  5758 | D:7      | Reached skill level 5 in Dodging
  5858 | D:7      | Found a staircase to the Ecumenical Temple.
  5947 | D:7      | Reached XP level 9. HP: 68/68 MP: 9/9
  6140 | D:7      | Noticed Maggie
  6146 | D:7      | Paralysed by Maggie for 5 turns
  6153 | D:7      | Paralysed by Maggie for 3 turns
  6156 | D:7      | Killed Maggie
  6271 | D:7      | Found a shimmering altar of Xom.
  6490 | D:8      | Reached skill level 7 in Unarmed Combat
  6539 | D:8      | Found a runed translucent door.
  6541 | D:8      | Noticed Fodor's ghost (novice MiFi)
  6543 | D:8      | Noticed a skeletal warrior
  6768 | D:8      | Reached skill level 1 in Maces & Flails
  7031 | D:9      | Found a transporter.
  7036 | D:9      | Noticed a tentacled starspawn
  7040 | D:9      | Reached XP level 10. HP: 77/77 MP: 10/10
  7058 | D:9      | Noticed a toenail golem
  7101 | D:9      | Found a one-way gate to the infinite horrors of the Abyss.
  7101 | D:9      | Noticed redkitty's ghost (novice DrCj)
  7158 | D:9      | Found a staircase to the Lair.
  7271 | D:9      | Noticed Jeremiah
  7379 | D:9      | Noticed a sixfirhy
  7388 | D:9      | Found a transporter.
  7518 | D:9      | Killed Jeremiah
  7579 | D:9      | Reached skill level 8 in Unarmed Combat
  7622 | D:9      | Noticed a toenail golem
  7672 | D:9      | Noticed a skeletal warrior
  7737 | D:10     | Entered Level 10 of the Dungeon
  8025 | D:10     | Noticed an orc knight
  8131 | D:10     | Found a hide-covered altar of Uskayaw.
  8131 | D:10     | Found a stormy altar of Qazlal.
  8208 | D:10     | HP: 4/80 [orc knight/+3 battleaxe of flaming (19)]
  8208 | D:10     | HP: 1/80 [orc knight/+3 battleaxe of flaming (3)]
  8209 | D:10     | Slain by an orc knight

Illustrated notes

Levels and vault maps discovered:
D:1:      zelgadis_glass_arrival_small, layout_loops_ring,
          basic_ecumenical_altar, minmay_misc_feat_tower
D:2:      layout_loops_ring, minmay_tetromino_o2
D:3:      layout_basic, yredelemnul_altar_generic, uniq_robin
D:4:      layout_basic, biasface_ghost_orc_armoury, uniq_blork_the_orc
D:5:      layout_basic, serial_shops, shop, uniq_pikel
D:6:      corexii_shack_village, layout_basic
D:7:      layout_loops_ring, led_xom_imps, minmay_temple_entry_stoned_glass,
          uniq_maggie
D:8:      layout_rooms, ebering_ghost_inner_flame
D:9:      layout_rooms, david_lair_shrubbed, gammafunk_ghost_abyssal_escape,
          uniq_jeremiah
D:10:     layout_small_grid, gammafunk_temple_overflow_claw, sword_in_stone

Skill      XL: |  1  2  3  4  5  6  7  8  9 10 |
---------------+-------------------------------+-----
Dodging        | 2 3 4 5 6 7 |  7.4
Unarmed Combat | 3 4 5 6 7 8 |  8.5
Shapeshifting  | 3 4 5 6 |  6.3
Fighting       | 2 3 4 5 6 7 |  7.9
Maces & Flails | 2 4 |  4.5

Action                     |  1- 3 |  4- 6 |  7- 9 | 10-12 || total
---------------------------+-------+-------+-------+-------++-------
  Melee: Unarmed           |   100 |   108 |       |       ||   208
         Touch             |     8 |    21 |    27 |    28 ||    84
         Punch             |       |     1 |     5 |     7 ||    13
         Whip              |       |    28 |   212 |   137 ||   377
  Evoke: Wand              |       |       |       |     6 ||     6
    Use: Scroll            |     5 |     7 |     1 |     3 ||    16
         Potion            |       |     5 |     1 |       ||     6
   Stab: Sleeping          |       |     1 |     2 |       ||     3
         Distracted        |       |     1 |       |       ||     1
         Paralysed         |       |       |       |     1 ||     1
 Armour: Animal skin       |    16 |    33 |    40 |       ||    89
         Steam dragon scal |       |       |    40 |    35 ||    75
  Dodge: Dodged            |    55 |    82 |   281 |   108 ||   526

Table legend: (Time is in decaauts)
 A = Elapsed time spent in this place.
 B = Non-inter-level travel time spent in this place.
 C = Inter-level travel time spent in this place.
 D = Time resting spent in this place.
 E = Time spent auto-exploring this place.
 F = Levels seen in this place.
 G = Mean time per level.
                   A        B        C        D        E       F      G
               +--------+--------+--------+--------+--------+-----+--------+
         Total |   8412 |   8042 |    370 |    497 |   5665 |  10 |  841.2 |
       Dungeon |   8412 |   8042 |    370 |    497 |   5665 |  10 |  841.2 |
               +--------+--------+--------+--------+--------+-----+--------+

Top non-repeatable levels by time:
     D:3: 1078 daAuts
     D:4: 1037 daAuts
     D:2: 1033 daAuts
     D:1: 922 daAuts
     D:6: 865 daAuts
     D:5: 858 daAuts
     D:9: 823 daAuts
     D:7: 752 daAuts
     D:8: 539 daAuts
    D:10: 502 daAuts
